Map: Newkirk Precinct TE (Void)

Players

ArT

  • Race: Protoss Protoss
  • Spawn Location: 5:00

Namshar - Winner!

  • Race: Zerg Zerg
  • Spawn Location: 7:00

Event: IEM XI Katowice - World Championship 2017

VOD

Have the link to the VOD?

Description

Time

  • Played on: Feb. 28, 2017, 11:35 a.m.
  • Length: 9:25

All games in this series

Show
View Real Time Build Order
Export as new Build Order

ArT Protoss 

Build Orders: 1 Gate Expand, Oracle Opening 

Get SALT Encoding   

  12  0:00  Probe (Chrono Boost)  
  13  0:11  Probe (Chrono Boost)  
  14  0:18  Pylon  
  14  0:22  Probe (Chrono Boost)  
  15  0:36  Probe (Chrono Boost)  
  15  0:40  Gateway  
  16  0:44  Assimilator  
  16  0:47  Probe (Chrono Boost)  
  17  0:57  Probe (Chrono Boost)  
  18  1:08  Probe (Chrono Boost)  
  19  1:23  Nexus  
  19  1:27  Probe (Chrono Boost)  
  20  1:38  Cybernetics Core  
  20  1:41  Probe (Chrono Boost)  
  21  1:47  Assimilator  
  21  1:52  Probe (Chrono Boost)  
  22  1:58  Pylon  
  22  2:02  Probe (Chrono Boost)  
  23  2:16  Probe (Chrono Boost)  
  23  2:17  Stargate  
  23  2:18  Adept  
  26  2:26  Warp Gate  
  27  2:30  Probe (Chrono Boost)  
  27  2:35  Probe (Chrono Boost)  
  28  2:43  Adept, Probe (Chrono Boost)  
  29  2:46  Probe (Chrono Boost)  
  32  2:55  Probe (Chrono Boost)  
  32  2:56  Oracle, Probe (Chrono Boost)  
  38  3:07  Probe x2 (Chrono Boost)  
  38  3:12  Gateway  
  39  3:18  Probe (Chrono Boost)  
  39  3:19  Probe (Chrono Boost)  
  41  3:22  Pylon  
  41  3:28  Oracle  
  41  3:29  Probe (Chrono Boost)  
  41  3:31  Probe (Chrono Boost)  
  46  3:40  Adept, Probe (Chrono Boost)  
  49  3:43  Probe (Chrono Boost)  
  49  3:45  Pylon  
  50  3:50  Probe (Chrono Boost)  
  50  3:55  Probe (Chrono Boost)  
  52  4:01  Probe (Chrono Boost)  
  53  4:07  Assimilator, Probe (Chrono Boost)  
  53  4:08  Assimilator  
  54  4:12  Probe (Chrono Boost)  
  55  4:20  Pylon, Probe (Chrono Boost)  
  55  4:23  Nexus, Mothership Core (Chrono Boost)  
  58  4:24  Void Ray  
  61  4:36  Probe (Chrono Boost)  
  61  4:38  Pylon  
  62  4:41  Probe (Chrono Boost)  
  63  4:49  Probe (Chrono Boost)  
  63  4:52  Zealot  
  66  4:53  Zealot  
  66  4:54  Pylon, Probe (Chrono Boost)  
  70  5:01  Probe (Chrono Boost)  
  70  5:05  Probe (Chrono Boost)  
  71  5:12  Probe (Chrono Boost)  
  71  5:13  Sentry x2  
  76  5:16  Probe (Chrono Boost)  
  76  5:18  Forge  
  76  5:19  Twilight Council  
  77  5:21  Robotics Facility  
  77  5:23  Probe (Chrono Boost)  
  78  5:29  Probe (Chrono Boost)  
  78  5:33  Probe (Chrono Boost)  
  78  5:35  Probe (Chrono Boost)  
  81  5:39  Probe (Chrono Boost)  
  82  5:43  Protoss Ground Weapons Level 1  
  82  5:44  Charge, Probe (Chrono Boost)  
  82  5:46  Probe (Chrono Boost)  
  84  5:50  Probe (Chrono Boost), Gateway  
  84  5:51  Gateway  
  84  5:52  Gateway  
  84  5:55  Probe (Chrono Boost)  
  84  5:57  Probe (Chrono Boost)  
  87  6:07  Observer, Gateway  
  87  6:09  Gateway  
  87  6:10  Probe (Chrono Boost)  
  89  6:12  Gateway  
  89  6:17  Assimilator  
  89  6:19  Zealot x2, Assimilator  
  89  6:23  Warp Prism  
  89  6:24  Probe (Chrono Boost)  
  94  6:32  Probe x2 (Chrono Boost)  
  98  6:37  Pylon  
  98  6:39  Pylon, Probe (Chrono Boost)  
  99  6:44  Probe (Chrono Boost)  
  99  6:45  Pylon, Templar Archives  
  99  6:46  Pylon  
  100  6:48  Pylon  
  100  6:55  Zealot x4  
  110  7:02  Pylon  
  110  7:04  Immortal  
  110  7:05  Pylon  
  112  7:21  Pylon  
  112  7:28  Psionic Storm  
  112  7:38  Zealot x7  
  112  7:41  Immortal  
  119  7:54  High Templar  
  100  7:59  Gateway  
  100  8:00  High Templar x7  
  100  8:01  Pylon x2  
  106  8:07  Archon  
  106  8:08  Archon  
  106  8:14  Nexus  
  106  8:16  Immortal  
  106  8:20  Pylon  
  106  8:23  Pylon  
  106  8:25  Assimilator  
  110  8:29  Assimilator  
  110  8:32  Zealot  
  110  8:33  Zealot x3  
  118  8:34  High Templar x2  
  118  8:35  Zealot x2  
  118  8:39  Probe x2 (Chrono Boost), Archon  
  118  8:40  Probe (Chrono Boost)  
  129  8:48  Photon Cannon  
  129  8:50  Photon Cannon  
  129  8:51  Probe x2 (Chrono Boost)  
  129  8:52  Probe (Chrono Boost)  
  129  8:55  Zealot x3  
  131  9:03  Zealot x3, Probe (Chrono Boost)  
Show
View Real Time Build Order
Export as new Build Order

Namshar Zerg - Winner!

Build Orders: Hatch First 

Get SALT Encoding   

  12  0:00  Drone  
  13  0:12  Overlord  
  13  0:17  Drone  
  14  0:31  Drone x2  
  14  0:34  Drone  
  17  0:52  Hatchery  
  17  0:55  Drone  
  17  0:58  Drone  
  18  1:10  Extractor  
  17  1:14  Spawning Pool  
  17  1:18  Drone  
  17  1:20  Drone  
  18  1:28  Drone  
  19  1:39  Overlord  
  19  1:49  Drone  
  20  2:00  Queen  
  20  2:01  Zergling x2  
  23  2:04  Queen  
  23  2:06  Drone  
  26  2:10  Metabolic Boost  
  26  2:12  Drone  
  28  2:15  Drone  
  28  2:22  Drone  
  29  2:26  Drone  
  30  2:33  Drone  
  31  2:39  Hatchery  
  30  2:45  Queen  
  30  2:49  Overlord  
  32  2:53  Zergling x2  
  32  2:55  Drone  
  32  2:56  Drone  
  35  2:59  Drone  
  36  3:07  Overlord  
  36  3:12  Drone x2  
  38  3:13  Drone x2  
  38  3:14  Drone  
  38  3:15  Drone  
  38  3:18  Drone  
  43  3:20  Drone  
  43  3:26  Zergling x2  
  45  3:28  Queen  
  45  3:31  Drone  
  48  3:35  Roach Warren  
  48  3:41  Overlord  
  47  3:45  Drone  
  47  3:46  Drone x4  
  52  3:53  Drone x2  
  49  4:06  Drone  
  49  4:09  Spore Crawler  
  48  4:10  Spore Crawler  
  48  4:11  Spore Crawler  
  48  4:14  Drone x3  
  48  4:16  Drone x2  
  51  4:18  Overlord  
  51  4:32  Drone x6  
  51  4:38  Extractor x2  
  56  4:43  Overlord  
  55  4:51  Drone x2  
  57  4:56  Drone x2  
  57  4:58  Lair  
  59  5:00  Drone x2  
  59  5:02  Extractor, Drone x5  
  63  5:10  Queen  
  63  5:12  Drone x4  
  63  5:13  Overlord  
  68  5:15  Roach x3  
  68  5:16  Roach  
  68  5:21  Roach x2  
  80  5:25  Overlord x2  
  80  5:42  Hatchery  
  79  5:43  Evolution Chamber, Drone x3  
  79  5:47  Queen  
  83  5:51  Overlord x2  
  83  5:53  Drone  
  83  5:54  Drone  
  83  5:55  Extractor, Drone x2  
  86  5:57  Glial Reconstitution  
  86  5:58  Extractor  
  86  5:59  Drone  
  86  6:00  Drone x2, Hydralisk Den  
  86  6:01  Overseer  
  87  6:12  Overseer, Overlord  
  87  6:14  Zerg Missile Weapons Level 1  
  87  6:16  Drone x2  
  89  6:23  Drone x3  
  88  6:32  Overlord x2, Drone  
  89  6:33  Drone  
  89  6:34  Drone x2  
  89  6:37  Muscular Augments  
  89  6:39  Pneumatized Carapace  
  92  6:46  Overlord x2  
  92  6:48  Hydralisk x3  
  92  6:51  Hatchery  
  97  6:58  Hydralisk  
  97  6:59  Hydralisk x4  
  108  7:08  Drone  
  108  7:13  Drone x9  
  108  7:14  Drone x2  
  119  7:18  Overlord  
  119  7:19  Overlord  
  119  7:22  Evolution Chamber  
  119  7:23  Hydralisk  
  119  7:24  Hydralisk  
  122  7:31  Hydralisk  
  122  7:32  Hydralisk  
  126  7:40  Hydralisk  
  126  7:41  Hydralisk x2  
  126  7:44  Spore Crawler  
  128  8:03  Hydralisk x8  
  144  8:17  Extractor  
  144  8:18  Extractor  
  142  8:31  Hydralisk  
  142  8:32  Hydralisk x4  
  152  8:34  Queen  
  152  8:35  Overlord x4  
  154  8:45  Hydralisk  
  154  8:46  Hydralisk x4  
  164  8:53  Hydralisk x3  

Tags
 
Add a new tag
Caveats
  • Supply blocks, unpowered buildings, or Contaminate may cause inaccurate times.
  • Supply counts are checked every 10 seconds.